 Dungeon Crawl Stone Soup version 0.30-a0-414-gcb316572d5 (webtiles) character file.

Game seed: 15708180175420116388

7633 NinjaNoafa the Carver (level 11, -4/135 HPs)
             Began as a Merfolk Monk on Dec 7, 2022.
             Was an Elder of Wu Jian.
             Slain by a death yak (13 damage)
             ... on level 10 of the Dungeon.
             The game lasted 00:19:30 (9051 turns).

NinjaNoafa the Carver (Merfolk Monk)                Turns: 9051, Time: 00:19:31

Health: -4/135     AC: 25    Str: 11    XL:     11   Next: 18%
Magic:  11/11      EV:  2    Int:  9    God:    Wu Jian [****..]
Gold:   505        SH:  0    Dex: 22    Spells: 10/10 levels left

rFire   . . .      SeeInvis .    q - +1 falchion (elec)
rCold   . . .      Faith    .    (no shield)
rNeg    . . .      Spirit   .    (body armour currently unavailable)
rPois   +          Reflect  .    (helmet currently unavailable)
rElec   .          Harm     .    (cloak currently unavailable)
rCorr   .          Rampage  .    (gloves currently unavailable)
Will    .....      NoTele   +    (boots currently unavailable)
Stlth   ++........               (no amulet)
HPRegen 0.42/turn                i - +4 ring of slaying
MPRegen 0.12/turn                f - +4 ring of evasion

@: tree-form (expiring), attractive
A: stationary, stasis, torment immunity, boosted hp, (nimble swimmer 2),
(mertail)
a: Renounce Religion, Wall Jump, Serpent's Lash


You were on level 10 of the Dungeon.
You worshipped Wu Jian.
Wu Jian was greatly pleased with you.
You were a tree.
You visited 2 branches of the dungeon, and saw 11 of its levels.

You collected 505 gold pieces.

Inventory:

Hand Weapons
 q - a +1 falchion of electrocution (weapon)
Missiles
 d - 98 stones
 k - 26 poisoned darts
 s - 6 boomerangs
Armour
 t - a +1 helmet (melded)
 C - a +2 cloak (melded)
 S - a +0 troll leather armour (melded)
Jewellery
 c - a ring of ice
 f - a +4 ring of evasion (right branch)
 i - a +4 ring of slaying (left branch)
 j - a ring of willpower
 r - a ring of fire
 F - a +4 ring of protection
 G - a ring of protection from fire
 H - a ring of wizardry
 I - a +6 ring of strength
 L - a ring of positive energy
 M - a ring of willpower
Wands
 x - a wand of iceblast (22)
 D - a wand of flame (19)
Scrolls
 e - 6 scrolls of teleportation {unknown}
 h - 3 scrolls of blinking {unknown}
 l - 4 scrolls of enchant armour {unknown}
 m - a scroll of immolation {unknown}
 n - 7 scrolls of poison
 o - 9 scrolls of identify {unknown}
 p - 2 scrolls of magic mapping {unknown}
 y - a scroll of noise {unknown}
 A - a scroll of butterflies {unknown}
 J - a scroll of silence {unknown}
 Q - a scroll of enchant weapon {unknown}
Potions
 a - a potion of attraction
 g - a potion of cancellation {unknown}
 v - a potion of haste {unknown}
 w - a potion of might {unknown}
 z - a potion of lignification
 B - 2 potions of berserk rage {unknown}
 E - 2 potions of degeneration {unknown}
 K - a potion of flight {unknown}
 O - 2 potions of experience {unknown}
 P - a potion of brilliance {unknown}
 R - a potion of invisibility {unknown}


   Skills:
 + Level 10.1 Fighting
 - Level 14.0 Long Blades
 + Level 0.0 Throwing
 - Level 4.0 Armour
 + Level 10.2 Dodging
 - Level 2.1 Stealth
 + Level 0.0 Evocations


You had 10 spell levels left.
You didn't know any spells.
Your spell library contained the following spells:

 Spells                   Type           Power      Damage    Failure   Level
 Magic Dart               Conj           0%         1d3       38%         1
 Necrotise                Necr           0%         1d4       38%         1
 Blink                    Tloc           0%         N/A       52%         2
 Call Imp                 Summ           0%         N/A       52%         2
 Ensorcelled Hibernation  Hex/Ice        0%         N/A       52%         2
 Momentum Strike          Conj/Tloc      0%         3d8       52%         2
 Passwall                 Tmut/Erth      0%         N/A       52%         2
 Static Discharge         Conj/Air       0%         2-2/arc   52%         2
 Lesser Beckoning         Tloc           0%         N/A       77%         3
 Mephitic Cloud           Conj/Pois/Air  0%         N/A       77%         3
 Spider Form              Tmut/Pois      0%         N/A       77%         3
 Summon Guardian Golem    Hex/Summ       0%         N/A       77%         3
 Swiftness                Air            0%         N/A       77%         3
 Vhi's Electric Charge    Tloc/Air       0%         N/A       77%         3
 Anguish                  Hex/Necr       0%         N/A       99%         4
 Arcjolt                  Conj/Air       0%         1d10      100%        5
 Lightning Bolt           Conj/Air       0%         1d11      100%        5
 Orb of Destruction       Conj           0%         9d5       100%        7
 Spellforged Servitor     Conj/Summ      0%         N/A       100%        7


Dungeon Overview and Level Annotations

Branches:
Dungeon (10/15)            Temple (1/1) D:4            Lair (0/5) D:10
    Orc: D:9-12

Altars:
Ashenzari
Cheibriados
Dithmenos
Elyvilon
Fedhas
Gozag
Hepliaklqana
Makhleb
Nemelex Xobeh
Qazlal
Ru
Sif Muna
Trog
Uskayaw
Vehumet
Wu Jian
Xom
Yredelemnul
Zin
The Shining One

Shops:
D:10 !


Innate Abilities, Weirdness & Mutations

You are a tree.
Your roots penetrate the ground, keeping you stationary.
You cannot be teleported.
You are immune to unholy pain and torment.
Your maximum health is greatly increased.
Your equipment is partially melded.
((You are very nimble when in or above water. (Stealth+, EV+, Speed+++)))
((Your lower body shifts to a powerful aquatic tail in water.))


Message History

The death yak is severely wounded.
The death yak gores you but does no damage.
The death yak gores you!
* * * LOW HITPOINT WARNING * * *
You slash the death yak!
The death yak is almost dead.
You are confused.
You feel invigorated.
The death yak gores you but does no damage.
The death yak gores you.
* * * LOW HITPOINT WARNING * * *
Okay, then.
The death yak gores you but does no damage. x2
The death yak gores you!!
* * * LOW HITPOINT WARNING * * *
The death yak gores you!
* * * LOW HITPOINT WARNING * * *
You feel better.
You feel less invigorated. The death yak gores you.
* * * LOW HITPOINT WARNING * * *
The death yak gores you!!
* * * LOW HITPOINT WARNING * * *
You feel better. The death yak gores you.
* * * LOW HITPOINT WARNING * * *
The death yak gores you but does no damage.
Okay, then.
You feel better.
The death yak gores you but does no damage.
The death yak gores you!
* * * LOW HITPOINT WARNING * * *
Okay, then.
You hit the death yak.
The death yak is almost dead.
The death yak barely misses you.
The death yak snorts and paws the ground.
The death yak gores you.
* * * LOW HITPOINT WARNING * * *
It was a potion of attraction.
You feel attractive to monsters.
Your transformation is almost over.
The death yak gores you!
You die...

#............#
....##............. #
#...#.....#../..... #
#.........#.>.(...# .
.........#........ #
#..##........../.. #
### #..##...).........
# ..#
#..##...Y........) ##
#.# #.†####♣#.##..####
.####.# #....##Y#....##
.~~##.####..#..YY#Y####
+#~.............Y..#
#~##.#####..#######
+#~##.........#
.~~.....†.#[#.#
.#.........∩..#
...########.#.#


You could see 5 death yaks.

Vanquished Creatures
  A two-headed ogre (D:10)
  A death yak (D:10)
  Pikel (D:4)
  A deep elf pyromancer (D:8)
  An unseen horror (D:9)
  3 trolls
  A shadow (D:9)
  2 wyverns (D:9)
  9 yaks
  An acid dragon (D:9)
  5 sky beasts
  2 ice beasts
  A centaur (D:8)
  A phantom (D:7)
  4 lemures (D:4)
  2 kobold brigands (D:7)
  A scorpion (D:5)
  2 necrophages
  A gnoll sergeant (D:6)
  8 killer bees
  7 howler monkeys
  3 jellies
  Crazy Yiuf (D:6)
  5 hounds
  2 gnoll boudas
  3 iguanas
  An orc priest (D:6)
  Terence (D:2)
  7 orc wizards
  9 adders
  11 gnolls
  3 shadow imps
  3 white imps
  A worm (D:3)
  4 dart slugs
  18 orcs
  8 ball pythons
  8 bats
  11 endoplasms
  7 giant cockroaches
  11 goblins
  9 hobgoblins
  5 quokkas
  2 frilled lizards
  21 kobolds
  3 rats
212 creatures vanquished.

Notes
Turn   | Place    | Note
-------+----------+-------------------------------------------
     0 | D:1      | NinjaNoafa the Merfolk Monk began the quest for the Orb.
     0 | D:1      | Reached XP level 1. HP: 18/18 MP: 1/1
    33 | D:1      | Reached skill level 4 in Long Blades
   100 | D:1      | Reached XP level 2. HP: 24/24 MP: 2/2
   408 | D:1      | Reached XP level 3. HP: 23/29 MP: 3/3
   474 | D:1      | Reached skill level 5 in Long Blades
   978 | D:2      | Noticed Terence
   991 | D:2      | Killed Terence
   992 | D:2      | Reached skill level 6 in Long Blades
   992 | D:2      | Reached XP level 4. HP: 32/35 MP: 4/4
  1819 | D:3      | Found an opulent altar of Gozag.
  1860 | D:3      | Found a shadowy altar of Dithmenos.
  1915 | D:3      | Reached XP level 5. HP: 41/42 MP: 5/5
  1928 | D:3      | Found a stormy altar of Qazlal.
  2264 | D:3      | Reached skill level 5 in Dodging
  2718 | D:4      | Noticed Pikel
  2718 | D:4      | Noticed a lemure
  2718 | D:4      | Noticed a lemure
  2719 | D:4      | Noticed a lemure
  2719 | D:4      | Noticed a lemure
  2760 | D:4      | Found a staircase to the Ecumenical Temple.
  2769 | Temple   | Entered the Ecumenical Temple
  3021 | Temple   | Became a worshipper of the Wu Jian Council
  3021 | Temple   | Reached * piety under Wu Jian
  3021 | Temple   | Reached ** piety under Wu Jian
  3135 | D:4      | Reached XP level 6. HP: 49/49 MP: 6/6
  3208 | D:4      | Reached skill level 5 in Fighting
  3230 | D:4      | Found a glowing silver altar of Zin.
  3479 | D:4      | Killed Pikel
  3480 | D:4      | Reached XP level 7. HP: 43/59 MP: 7/7
  3558 | D:4      | Reached XP level 8. HP: 52/67 MP: 8/8
  3780 | D:5      | Entered Level 5 of the Dungeon
  3909 | D:5      | Reached *** piety under Wu Jian
  4220 | D:5      | Found a shimmering blue altar of Sif Muna.
  4291 | D:5      | Got Sif Muna's Tome of the Mausoleum
  5093 | D:6      | Reached skill level 10 in Dodging
  5360 | D:6      | Reached XP level 9. HP: 76/76 MP: 9/9
  5385 | D:6      | Found a burning altar of Makhleb.
  5469 | D:6      | Found a runed translucent door.
  5470 | D:6      | Noticed Crazy Yiuf
  5478 | D:6      | Killed Crazy Yiuf
  5994 | D:7      | Reached skill level 10 in Fighting
  5997 | D:7      | Reached **** piety under Wu Jian
  5998 | D:7      | Reached skill level 1 in Armour
  6186 | D:7      | Found a hide-covered altar of Uskayaw.
  7153 | D:8      | Reached skill level 7 in Long Blades
  7249 | D:8      | Noticed a deep elf pyromancer
  7260 | D:8      | Killed a deep elf pyromancer
  7261 | D:8      | Reached skill level 8 in Long Blades
  7261 | D:8      | Reached XP level 10. HP: 70/85 MP: 10/10
  7270 | D:8      | Reached skill level 9 in Long Blades
  7673 | D:9      | Reached skill level 10 in Long Blades
  7774 | D:9      | Found a radiant altar of Vehumet.
  7942 | D:9      | Killed an unseen horror
  7943 | D:9      | Reached skill level 11 in Long Blades
  8602 | D:10     | Entered Level 10 of the Dungeon
  8654 | D:10     | Noticed a glowing orange brain
  8654 | D:10     | Noticed a four-headed hydra
  8701 | D:10     | Noticed a two-headed ogre
  8709 | D:10     | Killed a two-headed ogre
  8710 | D:10     | Reached skill level 12 in Long Blades
  8896 | D:10     | Found Widal's Distillery.
  8909 | D:10     | Reached skill level 13 in Long Blades
  8912 | D:10     | Reached XP level 11. HP: 73/90 MP: 11/11
  9004 | D:10     | Found a staircase to the Lair.
  9007 | D:10     | Noticed a death yak
  9007 | D:10     | Noticed a death yak
  9008 | D:10     | Noticed a death yak
  9008 | D:10     | Noticed a death yak
  9009 | D:10     | Noticed a death yak
  9010 | D:10     | Noticed a death yak
  9040 | D:10     | Killed a death yak
  9041 | D:10     | Reached skill level 14 in Long Blades
  9047 | D:10     | HP: 5/135 [death yak (19)]
  9051 | D:10     | Slain by a death yak

Illustrated notes

Levels and vault maps discovered:
D:1:      dpeg_arrival_rooms_b, layout_basic
D:2:      layout_basic, minmay_goblin_outpost, uniq_terence
D:3:      layout_rooms, nicolae_dithmenos_shadow_blocks,
          grunt_gozag_breadcrumbs, mainiacjoe_overflow_surrounded_room,
          minmay_misc_feat_doors, nicolae_figureground_pulse
D:4:      layout_loops_cross, mainiacjoe_overflow_alcove_1,
          minmay_temple_entry_mist, hangedman_decor_lopped, st_stairs_9,
          uniq_pikel
D:5:      layout_loops_ring, led_sif_book, kennysheep_generic_room_10
D:6:      layout_gridville, lightli_temple_of_fire, uniq_crazy_yiuf_cottage
D:7:      layout_cave_pods, mainiacjoe_overflow_boulevard, lemuel_flame_loot_1
D:8:      layout_gridville, minmay_small_thing
D:9:      layout_loops_ring, lemuel_round_altar
D:10:     layout_loops_ring, kennysheep_mini_moat, mainiacjoe_overflow_paths,
          dpeg_lair_monsters, serial_shops, nicolae_shop_crystal,
          minmay_variable_closet, nicolae_rejected_hall
Temple:   hc_temple_tempest_star

Skill      XL: |  1  2  3  4  5  6  7  8  9 10 11 |
---------------+----------------------------------+-----
Long Blades    | 4 6 8 13 14 | 14.0
Fighting       | 4 6 7 9 10 | 10.1
Dodging        | 5 8 10 | 10.2
Armour         | 4 |  4.0
Stealth        | |  2.1

Action                   |  1- 3 |  4- 6 |  7- 9 | 10-12 || total
-------------------------+-------+-------+-------+-------++-------
Melee: Falchion          |    90 |   123 |   263 |   141 ||   617
       Punch             |     1 |       |     1 |     7 ||     9
       Tailslap          |       |       |     1 |       ||     1
       Unarmed           |       |       |       |     1 ||     1
Throw: Dart              |     4 |       |       |       ||     4
       Boomerang         |       |       |     3 |       ||     3
Invok: Whirlwind         |       |    17 |    70 |     8 ||    95
       Lunge             |       |     7 |    24 |     7 ||    38
 Abil: Wall Jump         |       |     3 |    10 |    11 ||    24
Evoke: Wand              |       |       |       |     1 ||     1
  Use: Potion            |     1 |     1 |       |     7 ||     9
       Scroll            |       |       |     1 |       ||     1
 Stab: Sleeping          |     5 |    14 |     5 |       ||    24
       Distracted        |       |       |       |     1 ||     1
Armor: Robe              |    12 |    14 |    39 |    14 ||    79
       Skin              |       |       |       |    11 ||    11
       Troll leather arm |       |       |       |     2 ||     2
Dodge: Dodged            |    98 |   122 |   231 |    96 ||   547

Table legend: (Time is in decaauts)
 A = Elapsed time spent in this place.
 B = Non-inter-level travel time spent in this place.
 C = Inter-level travel time spent in this place.
 D = Time resting spent in this place.
 E = Time spent auto-exploring this place.
 F = Levels seen in this place.
 G = Mean time per level.
                   A        B        C        D        E       F      G
               +--------+--------+--------+--------+--------+-----+--------+
         Total |   8982 |   8572 |    410 |    271 |   6557 |  11 |  816.5 |
       Dungeon |   8780 |   8391 |    389 |    271 |   6385 |  10 |  878.0 |
        Temple |    201 |    181 |     20 |      0 |    171 |   1 |  201.0 |
               +--------+--------+--------+--------+--------+-----+--------+

Top non-repeatable levels by time:
     D:2: 1168 daAuts
     D:6: 1089 daAuts
     D:7: 1018 daAuts
     D:9: 1010 daAuts
     D:3: 879 daAuts
     D:5: 852 daAuts
     D:4: 807 daAuts
     D:8: 765 daAuts
     D:1: 755 daAuts
    D:10: 432 daAuts
  Temple: 201 daAuts
